AoeStats
← 17_Neo_

Arabia

504811759Analyzed
1v1 RM · 26d ago on Sep 6, 2026· 34m 50s· 2 players
Game mode
Random Map
Map size
Tiny (2 player)
Population
200
Speed
Normal
Resources
Standard
Victory
Conquest
Starting age
Dark Age
Ending age
Imperial Age
RankedLock teamsTeams togetherTeam positionsShared explorationLock speedFull tech treeHidden civsTurbo modeCheats
Victory
Defeat
🇨🇴 Maya · Colombia
1694
+17
🇫🇷 Mongols · France
1719
-17
17_Neo_
0:27 Loom
9:47 Feudal Age
10:15 Double-Bit Axe
13:24 Fletching
13:35 Padded Archer Armor
18:43 Horse Collar
23:44 Castle Age
22:10 Gold Mining
23:08 Town Watch
23:59 Wheelbarrow
23:59 Crossbowman
24:35 Bodkin Arrow
25:02 Thumb Ring
26:03 Ballistics
26:53 Leather Archer Armor
27:08 Pikeman
27:59 Forging
30:05 Iron Casting
32:42 Scale Mail Armor
Demonitox
4:29 Loom
7:14 Feudal Age
15:44 Fletching
16:56 Padded Archer Armor
23:09 Castle Age
21:26 Horse Collar
21:32 Double-Bit Axe
22:23 Bloodlines
22:58 Forging
24:43 Wheelbarrow
25:23 Scale Barding Armor
26:29 Bow Saw
26:20 Gold Mining
27:28 Husbandry
28:52 Chain Barding Armor
33:10 Ballistics
34:09 Iron Casting
Connection lost

Rejoining the realm…

Still unreachable

The connection could not be restored.

Session expired

The server has moved on; the page needs a fresh start.